Map: Orbital Shipyard

Players

Epop

  • Race: Zerg Zerg
  • League: Platinum

MorN - Winner!

  • Race: Terran Terran
  • League: Master

VOD

Have the link to the VOD?

Description

Time

  • Played on: Nov. 21, 2015, 8:50 p.m.
  • Length: 9:32
Show
View Real Time Build Order
Export as new Build Order

Epop Zerg 

Build Orders: Hatch First, Muta Ling Bane 

Get SALT Encoding   

  12  0:01  Drone  
  13  0:12  Overlord  
  13  0:17  Drone  
  14  0:30  Drone x2  
  14  0:34  Drone  
  17  0:53  Hatchery  
  17  0:55  Drone  
  17  1:12  Spawning Pool  
  17  1:13  Extractor  
  17  1:14  Drone  
  17  1:18  Drone  
  17  1:34  Drone x2  
  19  1:43  Drone  
  20  1:51  Drone  
  21  2:04  Queen  
  21  2:05  Queen  
  25  2:09  Overlord  
  25  2:12  Zergling x2  
  26  2:18  Metabolic Boost  
  26  2:22  Drone  
  27  2:25  Drone  
  27  2:39  Zergling x4  
  27  2:41  Spore Crawler, Queen  
  30  2:53  Drone x4  
  30  2:56  Drone  
  35  3:04  Overlord x2  
  34  3:15  Drone  
  35  3:27  Drone  
  35  3:28  Drone x6  
  42  3:39  Zergling x4  
  43  3:49  Evolution Chamber  
  43  3:51  Evolution Chamber, Drone x2  
  43  4:13  Lair  
  43  4:15  Zerg Melee Weapons Level 1  
  43  4:19  Hatchery  
  43  4:21  Drone x3, Extractor  
  43  4:22  Drone x2, Extractor  
  43  4:23  Drone  
  46  4:39  Overlord x2  
  46  4:40  Baneling Nest  
  46  4:44  Zergling x2  
  46  4:45  Zergling x8  
  50  4:50  Zerg Ground Armor Level 1  
  50  4:55  Overlord x2  
  48  5:00  Zergling x10  
  50  5:10  Zergling x6  
  51  5:18  Zergling x2  
  47  5:30  Zergling x2  
  47  5:34  Zergling x2  
  45  5:42  Zergling x6  
  46  5:50  Queen  
  46  5:53  Queen  
  46  5:56  Spire  
  48  5:57  Zergling x2  
  48  6:00  Zergling x10  
  48  6:01  Zergling x4  
  54  6:17  Zerg Melee Weapons Level 2  
  54  6:23  Drone x2  
  54  6:24  Drone x2  
  54  6:25  Drone x4, Queen  
  62  6:26  Drone, Extractor  
  62  6:27  Drone x2  
  66  6:51  Centrifical Hooks  
  66  6:53  Zergling x2  
  63  6:54  Zergling x18  
  72  7:15  Mutalisk x4  
  65  7:16  Spore Crawler  
  70  7:26  Extractor  
  70  7:27  Extractor  
  64  7:34  Baneling x2  
  64  7:35  Baneling  
  50  7:45  Zergling x2  
  50  7:46  Zergling x30  
  54  7:54  Zergling x2  
  55  8:02  Zergling x2  
  55  8:03  Zergling x4  
  53  8:08  Baneling x2  
  53  8:09  Baneling x3  
  53  8:12  Baneling x3  
  53  8:14  Zergling x2  
  53  8:15  Zergling x2  
  48  8:31  Mutalisk x2  
  50  8:39  Queen  
  46  8:55  Mutalisk x2  
Show
View Real Time Build Order
Export as new Build Order

MorN Terran - Winner!

Build Orders: Liberator Opening, Reaper Expand, MMM Bio 

Get SALT Encoding   

  12  0:00  SCV  
  13  0:13  SCV  
  14  0:18  Supply Depot  
  14  0:25  SCV  
  15  0:39  SCV  
  15  0:40  Barracks  
  16  0:45  Refinery  
  16  0:51  SCV  
  17  1:04  SCV  
  18  1:16  SCV  
  19  1:29  Orbital Command  
  19  1:30  Reaper  
  20  1:41  Command Center  
  20  1:52  Supply Depot  
  20  1:55  SCV  
  21  2:02  Reaper  
  21  2:08  SCV  
  23  2:20  SCV  
  24  2:26  Factory  
  24  2:48  Command Center  
  24  2:49  SCV  
  24  2:50  Barracks Reactor  
  25  2:54  Orbital Command  
  25  2:55  Refinery  
  25  3:01  SCV  
  26  3:14  SCV  
  27  3:26  SCV, Starport  
  28  3:30  SCV  
  29  3:38  SCV, Barracks Tech Lab  
  29  3:39  Hellion x2  
  34  3:43  SCV  
  34  3:46  Liberator  
  35  3:50  SCV  
  35  3:55  SCV  
  37  4:02  SCV, Hellion x2  
  41  4:07  Orbital Command  
  41  4:08  SCV  
  44  4:11  Marine  
  44  4:14  Stimpack  
  45  4:20  SCV x2  
  47  4:27  Hellion x2  
  47  4:29  Supply Depot  
  47  4:30  Marine  
  52  4:32  SCV  
  52  4:37  SCV  
  54  4:44  SCV  
  55  4:47  Refinery  
  55  4:48  Refinery, Marine  
  55  4:50  Engineering Bay  
  56  4:53  Engineering Bay  
  56  4:58  SCV  
  56  4:59  Starport Reactor  
  57  5:00  Factory Reactor, Barracks  
  57  5:03  SCV, Barracks  
  60  5:07  Marauder  
  60  5:09  SCV  
  60  5:10  SCV  
  62  5:34  Marine  
  55  5:45  Medivac x2  
  55  5:46  Terran Infantry Weapons Level 1  
  55  5:48  Factory Reactor  
  55  5:52  Marine  
  55  5:54  SCV  
  57  5:59  Marine x2  
  57  6:03  Marine x2  
  61  6:10  Marine  
  62  6:12  Terran Infantry Armor Level 1  
  62  6:13  Barracks x2  
  62  6:15  Orbital Command  
  62  6:17  Marine  
  63  6:18  Marine  
  63  6:19  Supply Depot  
  63  6:21  Marine  
  63  6:23  Combat Shields, Marine  
  66  6:25  Medivac  
  66  6:27  Marine  
  66  6:30  Supply Depot  
  69  6:33  Supply Depot x2  
  69  6:40  Medivac  
  69  6:41  SCV x3  
  69  6:42  Marine x2  
  69  6:43  Marine  
  77  6:52  Marine x2  
  79  6:54  Hellion x2  
  79  6:57  SCV  
  79  6:58  Liberator x2  
  79  7:00  Marine  
  85  7:05  Missile Turret  
  85  7:06  Barracks Reactor x2  
  85  7:11  Marine x2  
  85  7:14  Marine x2  
  92  7:17  Supply Depot  
  92  7:20  SCV x2, Armory  
  97  7:23  Marine  
  97  7:29  Marine  
  98  7:33  Marine x3  
  95  7:52  Marauder  
  95  7:54  Marine x7  
  95  7:55  Widow Mine x2  
  95  7:56  SCV  
  95  7:57  SCV  
  107  7:59  Supply Depot x2  
  107  8:00  Supply Depot  
  107  8:03  Barracks, Liberator  
  107  8:04  Barracks x2, Liberator  
  107  8:11  Marine x2  
  109  8:20  Marauder, Marine x3  
  109  8:23  Supply Depot  
  111  8:35  Marine x5  
  111  8:38  Marine  
  116  8:41  Marine x2  
  116  8:42  Marine  
  113  8:52  Marine  
  113  8:53  Marine x4  
  113  8:54  Barracks Tech Lab x2  
  113  8:55  Barracks Reactor, SCV x2, Marine  
  116  8:57  SCV  
  116  8:59  Command Center, Marine  
  116  9:00  Marauder  
  123  9:07  Marine  
  123  9:08  SCV x2  
  123  9:09  SCV  
  133  9:10  Marine  
  133  9:13  Marine x2  
  140  9:20  SCV  
Tags
 
Add a new tag
Caveats
  • Supply blocks, unpowered buildings, or Contaminate may cause inaccurate times.
  • Supply counts are checked every 10 seconds.